Map: Tempio ghiacciato

Players

Jhyrachy

  • Race: Zerg Zerg
  • League: Gold

Rakija - Winner!

  • Race: Terran Terran

VOD

Have the link to the VOD?

Description

Time

  • Played on: May 6, 2016, 2:38 p.m.
  • Length: 6:54
Show
View Real Time Build Order
Export as new Build Order

Jhyrachy Zerg 

Build Orders: Hatch First 

Get SALT Encoding   

  12  0:01  Drone  
  13  0:07  Drone  
  14  0:17  Overlord  
  14  0:35  Drone  
  14  0:36  Drone x2  
  17  0:58  Hatchery  
  17  1:00  Drone  
  17  1:03  Drone  
  18  1:04  Extractor  
  17  1:17  Spawning Pool  
  16  1:19  Drone  
  17  1:32  Drone x2  
  19  1:41  Overlord  
  19  2:05  Zergling x4, Queen  
  23  2:10  Queen  
  25  2:31  Drone  
  25  2:32  Drone x3  
  29  2:38  Drone x2  
  31  2:51  Lair  
  31  2:53  Extractor  
  31  2:57  Extractor, Drone  
  31  2:58  Drone x3  
  33  2:59  Extractor  
  32  3:44  Drone x2  
  32  3:45  Drone x2  
  32  3:46  Overlord x3  
  36  3:59  Spire  
  36  4:02  Drone  
  36  4:11  Overlord  
  36  4:21  Overseer  
  36  4:44  Drone x3  
  39  4:46  Drone x2  
  39  4:47  Drone  
  39  4:48  Drone  
  43  4:54  Zergling x2  
  43  4:55  Zergling x16  
  42  5:15  Mutalisk  
  42  5:16  Mutalisk x5  
  35  5:34  Queen  
  37  6:04  Drone x6  
Show
View Real Time Build Order
Export as new Build Order

Rakija Terran - Winner!

Build Orders:  

Get SALT Encoding   

  12  0:00  SCV  
  13  0:13  SCV  
  14  0:19  Supply Depot  
  14  0:25  SCV  
  15  0:32  Refinery  
  15  0:40  SCV  
  16  0:47  Barracks  
  16  0:53  SCV  
  17  1:05  SCV  
  17  1:06  Refinery  
  18  1:17  SCV  
  19  1:29  SCV  
  20  1:34  Barracks Reactor  
  20  1:39  Supply Depot  
  20  1:43  Orbital Command  
  20  1:55  Factory  
  20  2:10  SCV  
  20  2:13  Marine x2  
  24  2:22  SCV  
  24  2:30  Marine  
  24  2:31  Marine  
  26  2:42  Factory Reactor, Starport  
  26  2:43  SCV  
  27  2:49  Marine x2  
  29  2:56  SCV  
  30  3:07  Marine  
  31  3:15  Supply Depot  
  31  3:16  Supply Depot x2  
  31  3:36  Widow Mine  
  31  3:37  Marine x2, Medivac x2  
  39  3:53  Supply Depot  
  39  3:54  Marine x2, Supply Depot  
  41  3:55  Supply Depot  
  41  4:05  Widow Mine  
  43  4:12  Marine x2  
  45  4:24  Medivac x2  
  49  4:30  Marine x2  
  51  4:33  Widow Mine  
  53  4:39  Supply Depot  
  53  4:41  Supply Depot  
  53  4:48  Marine  
  54  5:18  Marine x2  
  53  5:21  Medivac  
  47  5:36  Marine x2  
  49  5:46  Medivac  
  51  5:54  Marine x2  
  51  6:12  Marine x2  
  59  6:30  Marine  
Tags
 
Add a new tag
Caveats
  • Supply blocks, unpowered buildings, or Contaminate may cause inaccurate times.
  • Supply counts are checked every 10 seconds.